 Dungeon Crawl Stone Soup version 0.32-a0-7-ge934b4519a (webtiles) character file.

Game seed: 12657860910700564987

18045 arthad the Fighter (level 12, -3/133 HPs)
             Began as an Oni Berserker on Jan 13, 2024.
             Was a High Priest of Trog.
             Slain by a cane toad (20 damage)
             ... on level 1 of the Lair of Beasts.
             The game lasted 00:24:29 (10953 turns).

arthad the Fighter (Oni Berserker)                 Turns: 10953, Time: 00:24:29

Health: -3/133     AC:  5    Str: 28    XL:     12   Next: 54%
Magic:  12/12      EV: 11    Int:  8    God:    Trog [*****.]
Gold:   708        SH:  0    Dex:  8    Spells: 11/11 levels left

rFire   . . .        G - +5 battleaxe (drain)
rCold   . . .        (shield currently unavailable)
rNeg    . . .        o - +0 troll leather armour {Pargi}
rPois   .            (helmet restricted)
rElec   .            D - +0 cloak
rCorr   .            (gloves unavailable)
SInv    +            (boots unavailable)
Will    +....        (no amulet)
Stlth   ++           e - ring of flight
HPRegen 1.22/turn    M - ring of see invisible
MPRegen 0.13/turn

%: no passive effects
@: on berserk cooldown, flying, slowed, very slow
A: large, unfitting armour, horns 1, tough skin 1, double potion healing,
drunken brawling
a: Renounce Religion, Berserk, Trog's Hand, Brothers in Arms


You were on level 1 of the Lair of Beasts.
You worshipped Trog.
Trog was extremely pleased with you.
You visited 2 branches of the dungeon, and saw 14 of its levels.
You also visited: Sewer and Ossuary.

You collected 708 gold pieces.

Inventory:

Hand Weapons
 a - a +0 hand axe
 w - a +2 dire flail of holy wrath
 C - a +0 war axe of draining
 G - a +5 battleaxe of draining (weapon)
 K - a +1 executioner's axe of flaming
Missiles
 u - 16 boomerangs (quivered)
 B - 11 poisoned darts
 U - 2 silver javelins
Armour
 b - a +0 animal skin
 c - a +0 pair of gloves
 o - a +0 troll leather armour (worn) {Pargi}
 D - a +0 cloak (worn)
 T - +0 steam dragon scales
Jewellery
 e - a ring of flight (left hand)
 i - a ring of protection from fire
 t - a ring of ice
 F - a ring of positive energy
 M - a ring of see invisible (right hand)
Talismans
 f - a storm talisman
 S - a blade talisman
Wands
 n - a wand of roots (9)
 q - a wand of paralysis (20)
 J - a wand of flame (10)
 L - a wand of polymorph (3)
 P - a wand of digging (4)
 X - a wand of quicksilver (5)
Scrolls
 g - a scroll of fog
 h - 2 scrolls of butterflies
 k - a scroll of identify
 l - 4 scrolls of amnesia
 x - 3 scrolls of teleportation
 y - a scroll of blinking
 E - 2 scrolls of noise
 H - 2 scrolls of fear
 N - 2 scrolls of immolation
 Q - a scroll of silence
 R - a scroll of revelation
 V - a scroll of enchant armour
 W - a scroll of vulnerability {unknown}
 Y - a scroll of brand weapon
Potions
 d - a potion of enlightenment
 j - 2 potions of brilliance {unknown}
 p - a potion of berserk rage {unknown}
 r - 3 potions of haste
 s - 2 potions of magic {unknown}
 v - a potion of might {unknown}
 z - 3 potions of invisibility {unknown}
 A - a potion of experience {unknown}
 I - a potion of degeneration {unknown}
 O - a potion of lignification {unknown}


   Skills:
 * Level 12.8 Fighting
 * Level 9.9 Axes
 * Level 9.2 Dodging
 + Level 5.5 Stealth
 + Level 3.4 Evocations
 * Level 8.5 Shapeshifting


You had 11 spell levels left.
You didn't know any spells.
Your spell library contained the following spells:

 Spells                   Type           Power      Damage    Failure   Level
 Sting                    Conj/Alch      0%         1d3       43%         1
 Mercury Vapours          Alch/Air       0%         N/A       58%         2
 Call Canine Familiar     Summ           0%         N/A       82%         3
 Inner Flame              Hex/Fire       0%         N/A       82%         3
 Sigil of Binding         Hex            0%         N/A       82%         3
 Dimensional Bullseye     Hex/Tloc       0%         N/A       99%         4
 Flame Wave               Conj/Fire      0%         2d4       99%         4
 Olgreb's Toxic Radiance  Alch           0%         N/A       99%         4
 Sticky Flame             Fire/Alch      0%         2d4       99%         4
 Irradiate                Conj/Alch      0%         3d11      100%        5
 Ignition                 Fire           0%         3d3       100%        8


Dungeon Overview and Level Annotations

Branches:
Dungeon (13/15)            Temple (0/1) D:4            Lair (1/5) D:11
    Orc (0/2) D:9           Sewer (visited)         Ossuary (visited)
 Vaults: D:13-14

Altars:
Ashenzari
Sif Muna
Uskayaw
Zin

Portals:
Trove: D:11 (give +2 gold dragon scales)

Annotations:
D:6 3 runed translucent doors, Azoth's ghost, novice OpSh


Innate Abilities, Weirdness & Mutations

You are too large for most types of armour.
You have a pair of small horns on your head.
You have tough skin. (AC +1)
You gain doubled healing and magic from potions.
Whenever you drink a healing potion, you attack all around you.


Message History

The blink frog is severely wounded.
You feel sick.
A cane toad comes into view.
The blink frog hits you but does no damage.
You barely miss the blink frog.
The blink frog is severely wounded.
You feel the effects of Trog's Hand fading.
You feel sick.
The cane toad croaks.
The blink frog barely misses you.
You miss the blink frog. Your headbutt misses the blink frog.
The blink frog is severely wounded.
You feel sick.
The blink frog blinks!
The blink frog misses you.
You slash the blink frog!
You kill the blink frog!
Trog accepts your kill.
You feel sick.
The blink frog blinks!
A cane toad comes into view.
You slice the cane toad!! You drain the cane toad.
The cane toad is severely wounded.
You feel sick. The cane toad barely misses you.
You closely miss the cane toad. You headbutt the cane toad!
The cane toad is almost dead.
You feel sick. The cane toad closely misses you.
You chop the cane toad into pieces!!!
You kill the cane toad!
Trog accepts your kill.
The blink frog blinks!
You are no longer berserk.
You are exhausted.
You feel yourself slow down.
You feel sick. The cane toad stings you!!
* * * LOW HITPOINT WARNING * * *
You see here a cane toad corpse.
You slash the cane toad! You drain the cane toad.
The cane toad is moderately wounded.
Your skin stops crawling.
You feel less strong-willed.
You feel sick.
You are no longer poisoned.
The cane toad stings you!!
You die...

....P..≈......≈.........
....P...#....~≈#.#.#.##.#
............~≈..........#
..##.....≈..≈............
.........≈...............
.###.....≈≈..~≈≈......#.#
###.#.....≈.(≈.†......# .
##......≈§.≈..####.#..
##......≈≈..†@.......#
#.......~..†.F.....##
#...........##...###
#...........# ...#
#...#.......P ...#
##............. ....#
####............... ....
.............%..........
.....................


You could see a cane toad (drained).

Vanquished Creatures
  An arcanist (D:12)
  A deep elf pyromancer (D:8)
  A manticore (D:11)
  5 cane toads (Lair:1)
  2 gargoyles
  A kobold demonologist (D:9)
  Psyche (D:12)
  3 komodo dragons
  3 trolls
  3 blink frogs (Lair:1)
  2 wyverns
  A vampire (D:12)
  3 wraiths
  21 yaks
  4 vampire mosquitoes (D:12)
  2 steam dragons
  Edmund (D:4)
  2 acid dragons
  7 water moccasins
  Pargi (Sewer)
  2 black bears
  2 laughing skulls
  2 sky beasts (D:7)
  6 orc warriors (D:9)
  2 ogres
  A tengu (shapeshifter) (D:13)
  2 phantoms
  7 centaurs
  A kobold brigand (D:9)
  A brain worm (Sewer)
  A gnoll sergeant (D:12)
  5 scorpions
  5 bullfrogs
  16 wights
  12 killer bees
  3 electric eels
  A howler monkey (D:8)
  3 centaur zombies (Ossuary)
  4 hounds
  A jelly (D:6)
  A bombardier beetle (D:6)
  A human zombie (Ossuary)
  7 orc priests
  3 gnoll boudas
  Ijyb (D:3)
  Natasha (thrice) (D:4)
  2 iguanas
  19 orc wizards
  8 hound zombies (Ossuary)
  2 mummies (Ossuary)
  Robin (D:2)
  14 gnolls
  13 adders
  A shadow imp (D:6)
  2 white imps (D:7)
  2 ufetubi (D:6)
  3 adder zombies (Ossuary)
  4 dart slugs
  3 ribbon worms
  36 orcs
  7 endoplasms
  8 giant cockroaches
  6 hobgoblins
  7 jackals
  3 quokkas
  6 ball pythons
  10 bats
  11 frilled lizards
  5 gnoll zombies (Ossuary)
  15 goblins
  6 jackal zombies (Ossuary)
  14 kobolds
  4 kobold zombies (Ossuary)
  7 orc zombies (Ossuary)
  7 rats
384 creatures vanquished.

Vanquished Creatures (collateral kills)
  A vampire mosquito (D:12)
1 creature vanquished.

Grand Total: 385 creatures vanquished

Notes
Turn   | Place    | Note
-------+----------+-------------------------------------------
     0 | D:1      | arthad the Oni Berserker began the quest for the Orb.
     0 | D:1      | Reached XP level 1. HP: 24/24 MP: 1/1
   175 | D:1      | Reached XP level 2. HP: 22/32 MP: 2/2
   535 | D:1      | Reached XP level 3. HP: 36/40 MP: 3/3
   617 | D:1      | Reached ** piety under Trog
   844 | D:2      | Found a glowing silver altar of Zin.
   959 | D:2      | Noticed Robin
   971 | D:2      | Reached skill level 1 in Shapeshifting
   972 | D:2      | Killed Robin
   973 | D:2      | Reached XP level 4. HP: 13/49 MP: 4/4
  1421 | D:3      | Reached skill level 5 in Fighting
  1565 | D:3      | Noticed Ijyb
  1577 | D:3      | Killed Ijyb
  1578 | D:3      | Reached XP level 5. HP: 38/57 MP: 5/5
  2056 | D:3      | Reached skill level 1 in Stealth
  2136 | D:3      | Reached *** piety under Trog
  2387 | D:4      | Reached XP level 6. HP: 49/66 MP: 6/6
  2570 | D:4      | Noticed Natasha
  2588 | D:4      | Killed Natasha
  2654 | D:4      | Found a glowing drain.
  2687 | Sewer    | Entered a sewer
  2836 | Sewer    | Noticed Pargi
  2849 | Sewer    | Killed Pargi
  2850 | Sewer    | Reached skill level 6 in Fighting
  2850 | Sewer    | Reached XP level 7. HP: 70/75 MP: 7/7
  2954 | D:4      | Noticed Edmund
  2969 | D:4      | Killed Edmund
  3057 | D:4      | Noticed Natasha
  3069 | D:4      | Killed Natasha
  3093 | D:4      | Found a staircase to the Ecumenical Temple.
  3152 | D:4      | Noticed Natasha
  3168 | D:4      | Killed Natasha
  3486 | D:5      | Entered Level 5 of the Dungeon
  3504 | D:5      | Reached skill level 5 in Axes
  3519 | D:5      | Found a sand-covered staircase.
  3539 | D:5      | Reached XP level 8. HP: 67/84 MP: 8/8
  3555 | Ossuary  | Entered an ossuary
  3632 | Ossuary  | Reached **** piety under Trog
  3671 | Ossuary  | Reached skill level 7 in Fighting
  3706 | Ossuary  | Reached skill level 5 in Dodging
  4480 | D:6      | Reached skill level 8 in Fighting
  4484 | D:6      | Reached XP level 9. HP: 38/88 MP: 9/9
  4804 | D:6      | Reached skill level 5 in Shapeshifting
  4828 | D:6      | Found a runed translucent gate.
  4828 | D:6      | Found a runed translucent gate.
  4828 | D:6      | Found a runed translucent gate.
  4831 | D:6      | Noticed Azoth's ghost (novice OpSh)
  4857 | D:6      | Identified the +5 chain mail "Ecabuan" {-Cast rPois Dex+3}
  5021 | D:7      | Noticed a komodo dragon
  5033 | D:6      | Killed a komodo dragon
  5034 | D:6      | Reached skill level 9 in Fighting
  5241 | D:7      | Found a hide-covered altar of Uskayaw.
  5243 | D:7      | Found a shimmering blue altar of Sif Muna.
  5353 | D:7      | Reached ***** piety under Trog
  5381 | D:7      | Reached XP level 10. HP: 94/107 MP: 10/10
  5749 | D:8      | Received a gift from Trog
  5928 | D:8      | Reached skill level 10 in Fighting
  5939 | D:8      | Noticed a deep elf pyromancer
  6043 | D:8      | Killed a deep elf pyromancer
  6410 | D:9      | Noticed a kobold demonologist
  6421 | D:9      | Killed a kobold demonologist
  6578 | D:9      | Reached skill level 1 in Evocations
  6812 | D:9      | Reached XP level 11. HP: 108/119 MP: 11/11
  6903 | D:9      | You are sucked into a shaft and drop 3 floors!
  7131 | D:12     | Noticed Psyche
  7138 | D:12     | Killed Psyche
  7139 | D:12     | Reached skill level 11 in Fighting
  7349 | D:11     | Found a broken altar of Ashenzari.
  7351 | D:11     | Found a staircase to the Lair.
  7388 | D:10     | Entered Level 10 of the Dungeon
  8212 | D:9      | Found a staircase to the Orcish Mines.
  8460 | D:10     | Reached skill level 5 in Stealth
  9397 | D:11     | Noticed a manticore
  9433 | D:11     | Found a portal to a secret trove of treasure.
  9612 | D:11     | Killed a manticore
  9613 | D:11     | Reached skill level 12 in Fighting
  9946 | D:12     | Noticed an arcanist
  9961 | D:12     | Reached XP level 12. HP: 44/132 MP: 12/12
 10570 | Lair:1   | Entered Level 1 of the Lair of Beasts
 10953 | Lair:1   | Slain by a cane toad

Illustrated notes

Levels and vault maps discovered:
D:1:      evilmike_arrival_crescent, layout_loops_cross
D:2:      layout_rooms, basic_altar, minmay_lizard_king, uniq_robin
D:3:      layout_rooms, minmay_snake_closets, uniq_ijyb
D:4:      layout_loops_ring, minmay_temple_entry_wispy,
          cheibrodos_sewer_entry_bend, uniq_natasha, uniq_edmund
D:5:      layout_loops_ring, chequers_ossuary_entry_cave
D:6:      layout_rooms, biasface_ghost_orc_armoury
D:7:      layout_basic, nicolae_overflow_squiral
D:8:      layout_rooms
D:9:      layout_loops_ring, david_orc_4, st_stairs_3, uniq_gastronok
D:10:     layout_grid_maze, patterned_corridor
D:11:     layout_basic, lair_entry_dummy, enter_trove_3, ashenzari_altar_1
D:12:     layout_basic, uniq_psyche
D:13:     layout_basic, serial_library_hellmonk_layered_room
Lair:1:   layout_gridlike, pdpol_lair_neglected_garden,
          chequers_serial_rivers_small_b, serial_bayou_shore_a,
          grunt_megastairs_3

Skill      XL: |  1  2  3  4  5  6  7  8  9 10 11 12 |
---------------+-------------------------------------+-----
Dodging        | 3 4 5 6 7 8 9 |  9.2
Shapeshifting  | 1 2 3 4 5 6 7 8 |  8.5
Fighting       | 5 6 8 9 10 12 | 12.8
Stealth        | 1 2 3 4 5 |  5.5
Axes           | 4 5 7 8 9 |  9.9
Evocations     | 1 2 3 |  3.4

Action                     |  1- 3 |  4- 6 |  7- 9 | 10-12 || total
---------------------------+-------+-------+-------+-------++-------
  Melee: Hand axe          |    85 |   189 |    67 |       ||   341
         Headbutt          |    11 |    26 |    63 |    59 ||   159
         Punch             |       |     4 |       |       ||     4
         Dire flail        |       |       |   154 |       ||   154
         War axe           |       |       |    22 |       ||    22
         Battleaxe         |       |       |    72 |   454 ||   526
  Throw: Boomerang         |       |       |     8 |    14 ||    22
 Invoke: Trog's Hand       |     1 |     3 |     2 |    10 ||    16
         Berserk           |     1 |     1 |     1 |     4 ||     7
         Brothers in Arms  |       |       |       |     1 ||     1
  Evoke: Wand              |       |     4 |     2 |     2 ||     8
    Use: Potion            |       |     3 |     3 |     8 ||    14
         Scroll            |       |     7 |     1 |     7 ||    15
   Stab: Paralysed         |       |    12 |       |       ||    12
         Sleeping          |       |     1 |     3 |     4 ||     8
 Armour: Animal skin       |    71 |   122 |       |       ||   193
         Troll leather arm |       |       |   300 |   517 ||   817
  Dodge: Dodged            |    65 |   104 |   212 |   334 ||   715

Table legend: (Time is in decaauts)
 A = Elapsed time spent in this place.
 B = Non-inter-level travel time spent in this place.
 C = Inter-level travel time spent in this place.
 D = Time resting spent in this place.
 E = Time spent auto-exploring this place.
 F = Levels seen in this place.
 G = Mean time per level.
                   A        B        C        D        E       F      G
               +--------+--------+--------+--------+--------+-----+--------+
         Total |  11234 |  10868 |    366 |    345 |   7874 |  16 |  702.1 |
       Dungeon |  10369 |  10004 |    365 |    343 |   7350 |  13 |  797.6 |
          Lair |    395 |    395 |      0 |      2 |    274 |   1 |  395.0 |
         Sewer |    216 |    216 |      0 |      0 |    155 |   1 |  216.0 |
       Ossuary |    253 |    253 |      0 |      0 |     94 |   1 |  253.0 |
               +--------+--------+--------+--------+--------+-----+--------+

Top non-repeatable levels by time:
     D:9: 1327 daAuts
    D:12: 1116 daAuts
     D:3: 1023 daAuts
    D:10: 976 daAuts
     D:4: 916 daAuts
     D:1: 839 daAuts
    D:11: 803 daAuts
     D:7: 790 daAuts
     D:5: 665 daAuts
     D:6: 652 daAuts
     D:8: 578 daAuts
     D:2: 538 daAuts
  Lair:1: 395 daAuts
 Ossuary: 253 daAuts
   Sewer: 216 daAuts
